 Dungeon Crawl Stone Soup version 0.30-a0-422-g946f4849ff (webtiles) character file.

Game seed: 11430012174096259574

49 lunkers the Cutter (level 4, -1/38 HPs)
             Began as a Meteoran Fighter on Dec 8, 2022.
             Slain by Robin
             ... wielding a +0 club
              (4 damage)
             ... on level 2 of the Dungeon.
             The game lasted 00:01:55 (464 turns).

lunkers the Cutter (Meteoran Fighter)                Turns: 464, Time: 00:01:56

Health: -1/38      AC:  6    Str: 20    XL:     4   Next: 22%
Magic:  5/5        EV:  9    Int:  9    God:
Gold:   32         SH:  5    Dex: 13    Spells: 3/3 levels left

rFire   . . .      SeeInvis .    a - +0 rapier
rCold   . . .      Faith    .    c - +0 buckler
rNeg    . . .      Spirit   .    b - +0 scale mail
rPois   .          Reflect  .    (no helmet)
rElec   .          Harm     .    (no cloak)
rCorr   .          Rampage  .    (no gloves)
Will    .....                    (no boots)
Stlth   ..........               (no amulet)
HPRegen 0.26/turn                (no ring)
MPRegen 0.09/turn                (no ring)

@: mighty, glowing
A: sense surroundings 1, otherworldly, glowing, explore regen
a: no special abilities


You were on level 2 of the Dungeon.
You visited 1 branch of the dungeon, and saw 2 of its levels.

You collected 32 gold pieces.

Inventory:

Hand Weapons
 a - a +0 rapier (weapon)
Armour
 b - a +0 scale mail (worn)
 c - a +0 buckler (worn)
Wands
 h - a wand of acid (3)
Scrolls
 e - a scroll of vulnerability {unknown}
 i - a scroll of identify {unknown}
Potions
 f - a potion of curing {unknown}
 g - a potion of attraction {unknown}


   Skills:
 - Level 3.2 Fighting
 + Level 4.4 Short Blades
 - Level 3.6 Armour
 - Level 3.6 Shields


You had 3 spell levels left.
You didn't know any spells.
Your spell library was empty.

Dungeon Overview and Level Annotations

Branches:
Dungeon (2/15) Zot: 727

Altars:

Shops:
D:1 (

Annotations:
D:2 Robin


Innate Abilities, Weirdness & Mutations

You passively map a small area around you.
You are easily found by Zot.
You glow in the dark.
You regain HP and MP as you explore.


Message History

* * * LOW HITPOINT WARNING * * *
You puncture the goblin!
You kill the goblin!
You block the goblin's attack.
You puncture the goblin!
You kill the goblin!
You have reached level 4!
You puncture the goblin!
You kill the goblin!
A goblin comes into view. It is wielding a +0 club.
You puncture the goblin!
You kill the goblin!
Robin throws the goblin at you!
You barely miss the goblin. The goblin hits you with a +0 club.
* * * LOW HITPOINT WARNING * * *
The goblin closely misses you.
You closely miss the goblin.
The goblin no longer looks unusually strong.
The goblin hits you with a +0 club.
* * * LOW HITPOINT WARNING * * *
The goblin hits you but does no damage. The goblin closely misses you.
You block the goblin's attack.
You puncture the goblin!
You kill the goblin!
The goblin hits you but does no damage. Robin throws the goblin at you!
You barely miss the goblin.
The goblin hits you but does no damage. x2
You barely miss the goblin. The goblin hits you but does no damage.
The goblin barely misses you.
You puncture the goblin!
You kill the goblin!
You block the goblin's attack. Robin throws the goblin at you!
* * * LOW HITPOINT WARNING * * *
You puncture the goblin!
You kill the goblin!
You puncture the kobold!
You kill the kobold!
You puncture Robin!
Robin is heavily wounded.
Robin hits you with a +0 club.
You die...

#.., , * #.. ,
, #.[ * , #
#.. , * ,,
#g#.., ,
##....######.#
*
#............#
, *#g# ** *
#@# ,, , * #)#
, * * #.#* ,*
, , ##.## + ,
#...# * *
##.## , , ,
##...## * ,* *
#..#..# *
,*##...##


You could see Robin.

Vanquished Creatures
  2 worms (D:2)
  4 ball pythons
  3 endoplasms
  13 goblins
  6 hobgoblins
  A bat (D:1)
  2 kobolds
  6 rats (D:1)
37 creatures vanquished.

Notes
Turn   | Place    | Note
-------+----------+-------------------------------------------
     0 | D:1      | lunkers the Meteoran Fighter began the quest for the Orb.
     0 | D:1      | Reached XP level 1. HP: 19/19 MP: 2/2
    46 | D:1      | Reached XP level 2. HP: 26/26 MP: 3/3
    78 | D:1      | Reached skill level 3 in Short Blades
   191 | D:1      | Reached XP level 3. HP: 27/31 MP: 4/4
   261 | D:1      | Found Wiodwiawn's Weapon Boutique.
   397 | D:2      | Reached skill level 4 in Short Blades
   436 | D:2      | Noticed Robin
   454 | D:2      | Reached XP level 4. HP: 6/38 MP: 5/5
   464 | D:2      | Slain by Robin

Illustrated notes

Levels and vault maps discovered:
D:1:      heliophobic_arrival_glass_houses, layout_basic, serial_shops, shop
D:2:      minmay_spotlight, layout_basic, uniq_terence, uniq_robin

Skill      XL: |  1  2  3 |
---------------+----------+-----
Short Blades   | 3 4 |  4.4
Fighting       | |  3.2
Armour         | |  3.6
Shields        | |  3.6

Action                   |  1- 3 |  4- 6 || total
-------------------------+-------+-------++-------
Melee: Rapier            |   108 |    11 ||   119
  Use: Potion            |     1 |       ||     1
Armor: Scale mail        |    51 |     7 ||    58
Dodge: Dodged            |    35 |     3 ||    38
Block: Buckler           |    26 |     2 ||    28

Table legend: (Time is in decaauts)
 A = Elapsed time spent in this place.
 B = Non-inter-level travel time spent in this place.
 C = Inter-level travel time spent in this place.
 D = Time resting spent in this place.
 E = Time spent auto-exploring this place.
 F = Levels seen in this place.
 G = Mean time per level.
                   A        B        C        D        E       F      G
               +--------+--------+--------+--------+--------+-----+--------+
         Total |    471 |    471 |      0 |      0 |    252 |   2 |  235.5 |
       Dungeon |    471 |    471 |      0 |      0 |    252 |   2 |  235.5 |
               +--------+--------+--------+--------+--------+-----+--------+

Top non-repeatable levels by time:
     D:1: 294 daAuts
     D:2: 177 daAuts
